 Dungeon Crawl Stone Soup version 0.28-a0-883-gc8d7bad45d (webtiles) character file.

Game seed: 1199399162204519045

205 ytrimaz the Covered (level 5, -2/42 HPs)
             Began as a Demonspawn Fighter on Nov 22, 2021.
             Slain by an ogre (13 damage)
             ... on level 4 of the Dungeon.
             The game lasted 00:03:06 (3552 turns).

ytrimaz the Covered (Demonspawn Fighter)            Turns: 3552, Time: 00:03:06

Health: -2/42      AC:  7    Str: 17    XL:     5   Next: 52%
Magic:  0/5        EV:  9    Int: 10    God:
Gold:   179        SH:  4    Dex: 12    Spells: 4/4 levels left

rFire   . . .      SeeInvis .   a - +0 rapier
rCold   . . .      Faith    .   c - +0 buckler
rNeg    . . .      Spirit   +   b - +0 scale mail
rPois   .          Reflect  .   (no helmet)
rElec   .          Harm     .   (no cloak)
rCorr   .          Rampage  .   (no gloves)
Will    .....                   (no boots)
Stlth   ..........              (no amulet)
HPRegen 0.14/turn               (no ring)
MPRegen 0.18/turn               (no ring)

@: no status effects
A: hooves 1, magic shield, magic regeneration
a: no special abilities


You were on level 4 of the Dungeon.
You visited 1 branch of the dungeon, and saw 4 of its levels.

You collected 179 gold pieces.

Inventory:

Hand Weapons
 a - a +0 rapier (weapon)
Missiles
 e - 26 poisoned darts (quivered)
Armour
 b - a +0 scale mail (worn)
 c - a +0 buckler (worn)
Wands
 h - a wand of flame (13)
Scrolls
 g - 3 scrolls of teleportation
Potions
 d - 2 potions of might
 f - a potion of ambrosia {unknown}
 i - 2 potions of brilliance {unknown}
 j - a potion of lignification {unknown}
 k - a potion of curing {unknown}


   Skills:
 + Level 3.7 Fighting
 - Level 1.8 Short Blades
 * Level 2.7 Throwing
 + Level 3.7 Armour
 + Level 3.4 Shields
 + Level 0.1 Evocations


You had 4 spell levels left.
You didn't know any spells.
Your spell library contained the following spells:

 Spells                   Type           Power      Damage    Failure   Level
 Animate Skeleton         Necr           0%         N/A       80%         1
 Pain                     Necr           0%         1d4       80%         1
 Vampiric Draining        Necr           0%         2d6       99%         3


Dungeon Overview and Level Annotations

Branches:
Dungeon (4/15)
 Temple: D:4-7

Altars:

Shops:
D:1 (


Innate Abilities, Weirdness & Mutations

You have large cloven feet.
When hurt, damage is shared between your health and your magic reserves.
You regenerate magic rapidly.


Message History

The ogre is poisoned.
Unknown command.
Throw: 32 darts (poison)
Press: ? - help, Q - select action, (/) - cycle Shift-Dir - straight line, f/p - ogre
Aim: an ogre, wielding a +0 giant club (moderately wounded, poisoned, 74% to hit)
You throw a poisoned dart. The poisoned dart hits the ogre.
The ogre looks even sicker.
The ogre is moderately wounded.
The ogre hits you with a +0 giant club!
Throw: 31 darts (poison)
Press: ? - help, Q - select action, (/) - cycle Shift-Dir - straight line, f/p - ogre
Aim: an ogre, wielding a +0 giant club (moderately wounded, poisoned, 74% to hit)
You throw a poisoned dart.
The poisoned dart barely misses the ogre.
Throw: 30 darts (poison)
Press: ? - help, Q - select action, (/) - cycle Shift-Dir - straight line, f/p - ogre
Aim: an ogre, wielding a +0 giant club (lightly wounded, poisoned, 74% to hit)
You throw a poisoned dart.
The poisoned dart barely misses the ogre.
You block the ogre's attack.
Throw: 29 darts (poison)
Press: ? - help, Q - select action, (/) - cycle Shift-Dir - straight line, f/p - ogre
Aim: an ogre, wielding a +0 giant club (moderately wounded, poisoned, 74% to hit)
You throw a poisoned dart.
The poisoned dart barely misses the ogre.
Throw: 28 darts (poison)
Press: ? - help, Q - select action, (/) - cycle Shift-Dir - straight line, f/p - ogre
Aim: an ogre, wielding a +0 giant club (moderately wounded, poisoned, 74% to hit)
You throw a poisoned dart.
The poisoned dart completely misses the ogre.
The ogre hits you with a +0 giant club!!
* * * LOW HITPOINT WARNING * * *
Throw: 27 darts (poison)
Press: ? - help, Q - select action, (/) - cycle Shift-Dir - straight line, f/p - ogre
Aim: an ogre, wielding a +0 giant club (moderately wounded, poisoned, 74% to hit)
You throw a poisoned dart. The poisoned dart hits the ogre.
The ogre looks even sicker.
The ogre is moderately wounded.
The ogre hits you with a +0 giant club!
You die...

#.##.#.# #.#
##.##.#.# #.#
#.......####### #.#
#.#####.......# #.#
#.# #.#####.# #.#
#.# #.# #.# #.# #.#
#.# #.# #.#
#.#####.#####.###.#
#........(.....O@.#
####.########.#####
#(# #.# #.# #.# #.#
#.# #.# #.# ##.##
#.# #...# #.# #...#
##.#.


You could see an ogre (very poisoned).

Vanquished Creatures
  A phantom (D:4)
  A jelly (D:3)
  2 adders
  A worm (D:3)
  An orc (D:4)
  8 bats
  6 endoplasms
  2 giant cockroaches
  3 goblins
  6 hobgoblins
  4 jackals (D:1)
  11 kobolds
  A quokka (D:2)
  6 ball pythons
  4 frilled lizards
  5 rats
62 creatures vanquished.

Notes
Turn   | Place    | Note
-------+----------+-------------------------------------------
     0 | D:1      | ytrimaz the Demonspawn Fighter began the quest for the Orb.
     0 | D:1      | Reached XP level 1. HP: 18/18 MP: 1/1
    98 | D:1      | Discovered your monstrous ancestry.
    98 | D:1      | Gained mutation: You have large cloven feet. [demonic
                  | ancestry]
    98 | D:1      | Reached XP level 2. HP: 20/24 MP: 2/2
   213 | D:1      | Found a faded altar of an unknown god.
   393 | D:1      | Found Tece's Weapon Shoppe.
   908 | D:1      | Gained mutation: You regenerate magic rapidly. [demonic
                  | ancestry]
   908 | D:1      | Reached XP level 3. HP: 28/29 MP: 3/3
  2187 | D:3      | Reached skill level 1 in Throwing
  2187 | D:3      | Reached XP level 4. HP: 28/36 MP: 4/4
  3291 | D:4      | Noticed a phantom
  3300 | D:4      | Killed a phantom
  3301 | D:4      | Gained mutation: When hurt, damage is shared between your
                  | health and your magic reserves. [demonic ancestry]
  3301 | D:4      | Reached XP level 5. HP: 38/42 MP: 5/5
  3518 | D:4      | Noticed an ogre
  3552 | D:4      | Slain by an ogre

Illustrated notes

Levels and vault maps discovered:
D:1:      mrwooster_arrival_arrow, layout_basic,
          hellmonk_ecumenical_altar_inner_sanctum, serial_shops,
          nicolae_lakefront_shop
D:2:      kennysheep_six_static_rooms, layout_loops_ring, grunt_decor_one_mirror
D:3:      layout_basic
D:4:      layout_loops_ring

Skill      XL: |  1  2  3  4 |
---------------+-------------+-----
Armour         | 3 |  3.7
Shields        | 3 |  3.4
Throwing       | 1 2 |  2.7
Fighting       | |  3.7
Short Blades   | |  1.8
Evocations     | |  0.1

Action                   |  1- 3 |  4- 6 || total
-------------------------+-------+-------++-------
Melee: Rapier            |   113 |    26 ||   139
       Kick              |    31 |     4 ||    35
Throw: Dart              |    25 |    47 ||    72
Evoke: Wand              |       |     5 ||     5
  Use: Scroll            |     3 |     4 ||     7
Armor: Scale mail        |    40 |    10 ||    50
Dodge: Dodged            |    40 |     8 ||    48
Block: Buckler           |    29 |     8 ||    37

Table legend: (Time is in decaauts)
 A = Elapsed time spent in this place.
 B = Non-inter-level travel time spent in this place.
 C = Inter-level travel time spent in this place.
 D = Time resting spent in this place.
 E = Time spent auto-exploring this place.
 F = Levels seen in this place.
 G = Mean time per level.
                   A        B        C        D        E       F      G
               +--------+--------+--------+--------+--------+-----+--------+
         Total |   3565 |   3443 |    122 |      0 |   2910 |   4 |  891.2 |
       Dungeon |   3565 |   3443 |    122 |      0 |   2910 |   4 |  891.2 |
               +--------+--------+--------+--------+--------+-----+--------+

Top non-repeatable levels by time:
     D:3: 1230 daAuts
     D:1: 1168 daAuts
     D:2: 898 daAuts
     D:4: 268 daAuts
